 Dungeon Crawl Stone Soup version 0.20-a0-553-g9f38e11 (webtiles) character file.

38 Asddderdsw the Digger (level 3, 0/26 HPs)
             Began as a Demigod Earth Elementalist on Feb 3, 2017.
             Succumbed to an adder's poison
             ... on level 2 of the Dungeon.
             The game lasted 00:04:45 (801 turns).

Asddderdsw the Digger (Demigod Earth Elementalist)   Turns: 801, Time: 00:04:46

Health: 0/26       AC:  0    Str: 11    XL:     3   Next: 10%
Magic:  5/8        EV: 12    Int: 21    God:
Gold:   50         SH:  0    Dex: 16    Spells: 2/5 levels left

rFire    . . .     SeeInvis .   a - +0 mace
rCold    . . .     Gourm    .   c - +0 robe
rNeg     . . .     Faith    .   (no shield)
rPois    .         Spirit   .   (no helmet)
rElec    .         Reflect  .   (no cloak)
rCorr    .         Harm     .   (no gloves)
MR       .....                  (no boots)
Stlth    ++........             (no amulet)
Regen    0.1/turn               (no ring)
                                j - -2 ring of protection (curse)

@: lethally poisoned (0 -> -11), very slightly contaminated
A: high mp 1
a: no special abilities


You were on level 2 of the Dungeon.
You were not hungry.

You visited 1 branch of the dungeon, and saw 2 of its levels.

You collected 50 gold pieces.

Inventory:

Hand Weapons
 a - a +0 mace (weapon)
Missiles
 b - 51 stones (quivered)
Armour
 c - a +0 robe (worn)
Jewellery
 j - a cursed -2 ring of protection (left hand)
Potions
 g - a potion of brilliance
Books
 e - a book of Geomancy

   Spells                             Type                      Level
   a - Sandblast                      Earth                        1
   b - Passwall                       Transmutation/Earth          2
   c - Stone Arrow                    Conjuration/Earth            3
   d - Petrify                        Transmutation/Earth          4
   e - Lee's Rapid Deconstruction     Earth                        5
Comestibles
 d - 2 bread rations
 f - 2 chunks of flesh
 i - a royal jelly


   Skills:
 + Level 1.4 Maces & Flails
 + Level 1.9 Dodging
 + Level 2.0 Stealth
 + Level 1.9 Spellcasting
 + Level 0.8 Transmutations
 + Level 3.2 Earth Magic


You had 2 spell levels left.
You knew the following spells:

 Your Spells              Type           Power        Failure   Level  Hunger
a - Sandblast             Erth           ###...       4%          1    #......
b - Passwall              Tmut/Erth      ##........   12%         2    ##.....


Dungeon Overview and Level Annotations

Branches:
Dungeon (2/15)


Innate Abilities, Weirdness & Mutations

You have an increased reservoir of magic. (+10% MP)


Message History

You miscast Sandblast.
You are very lightly contaminated with residual magic.
Nothing appears to happen.
* * * LOW HITPOINT WARNING * * *
You feel sick. The adder closely misses you.
Casting: Sandblast
Confirm with . or Enter, or press ? or * to list all spells.
Aiming: Sandblast
Press: ? - help, Shift-Dir - straight line, f/p - adder
Aim: an adder (severely wounded)
The blast of sand hits the adder.
You kill the adder!
You have reached level 3!
Your experience leads to a dramatic increase in your attributes!
Increase (S)trength, (I)ntelligence, or (D)exterity?
You feel clever. x2
b - 51 stones
* * * LOW HITPOINT WARNING * * *
You feel sick.
You die...

**,**** *,* *,,,,,..# ,,,,,,***,*
******#.# **,**,*,,,* #.#
**,**,*,,,** #.#
**,,,,***..########.#
****,,***...........#####
****,,,,,,,,,**#........#
,,,,,,**,,,,** #.##.#.#.# ###
********,,,** #@##.....#######..
*,,,* #.##.#............ *,,,*
#.##.#..########.. ** *,,,*
#.......# ### ,* *,,,* #.##.#..#
******* ,*******,,,****#.##..#.#*
*,,,,,*
,,,,,,,,,,,,,,,...#..#..***,,,,,*
,,,,,,,,,,,,,,,......#..,,,,,,,,*
,,,,,,,,,,,,,,,........#*,*,,,,,*


There were no monsters in sight!

Vanquished Creatures
  An adder (D:2)
  A leopard gecko (D:1)
  A ball python (D:1)
  3 giant cockroaches (D:1)
  5 goblins (D:1)
  5 hobgoblins (D:1)
  3 kobolds (D:1)
  4 bats
  3 rats (D:1)
26 creatures vanquished.

Notes
Turn   | Place    | Note
-------+----------+-------------------------------------------
     0 | D:1      | Asddderdsw the Demigod Earth Elementalist began the quest for the Orb.
     0 | D:1      | Reached XP level 1. HP: 14/14 MP: 5/5
   159 | D:1      | Reached skill level 3 in Earth Magic
   227 | D:1      | Reached XP level 2. HP: 12/20 MP: 7/7
   231 | D:1      | Learned a level 2 spell: Passwall
   596 | D:1      | Reached skill level 1 in Maces & Flails
   734 | D:2      | Found an ancient bone altar of Kikubaaqudgha.
   734 | D:2      | Found a shattered altar of Ashenzari.
   800 | D:2      | Reached XP level 3. HP: 2/26 MP: 5/8
   800 | D:2      | HP: 1/26 [poisoned by an adder]
   801 | D:2      | Succumbed to an adder's poison

Vault maps used:
D:1:      lightli_molten_gateway
D:2:      chequers_temple_overflow_statue_of_worship, first_bread

Skill      XL: |  1  2 |
---------------+-------+-----
Earth Magic    | 3 |  3.2
Stealth        | 2 |  2.0
Maces & Flails | 1 |  1.4
Dodging        | |  1.9
Spellcasting   | |  1.9
Transmutations | |  0.8

Action                   || total
-------------------------++-------
Melee: Mace              ||    52
       Unarmed           ||     1
 Cast: Sandblast         ||     8
  Use: Scroll            ||     3
 Stab: Sleeping          ||     3
Armor: Robe              ||    11
Dodge: Dodged            ||    43
